Warning! The script has encountered some errors when parsing the replay. Please report them to the . » details
          nsnp: Unknown ItemID
N001: Unknown ItemID
o000: Unknown ItemID
A01P: Unknown ItemID
A00X: Unknown ItemID
o001: Unknown ItemID
R002: Unknown ItemID
R005: Unknown ItemID
Rnat: Unknown ItemID
A00V: Unknown ItemID
R000: Unknown ItemID
Rnen: Unknown ItemID
R004: Unknown ItemID
R001: Unknown ItemID
nhyc: Unknown ItemID
Rnam: Unknown ItemID
        General information
			
			
        
        - name: FOCKESTONIA
 
        - type: Ladder 1vs1/FFA
 
        - host: Maphack
 
        - saver: TALONSAREIMBA
 
        
map: aps\Download\NGL-S08-TM 
        - players: 4
 
        - length: 24:43
 
        - speed: Fast
 - version: 1.22 W3XP
 - replay type:  Public
 
» download(145 KB)
Players
        team 1 (winner) 
              
              
Maphack (
pink | 136 APM | 3369 actions | 24:45)
              
                » actions 
                
                | Assign group hotkey | 23 |  | 
| Basic commands | 17 |  | 
| Build / train | 74 |  | 
| Enter build submenu | 34 |  | 
| Enter hero's abilities submenu | 9 |  | 
| Give item / drop item | 6 |  | 
| Remove unit from queue | 6 |  | 
| Right click | 1497 |  | 
| Select / deselect | 414 |  | 
| Select group hotkey | 1202 |  | 
| Use ability | 87 |  | 
                3369 total
 » units 
                
                | Peon | 14 |  | 
| Goblin Shredder | 1 |  | 
| Goblin Sapper | 4 |  | 
| Goblin Zeppelin | 2 |  | 
                21 total
 » buildings
                » build order
                08:37 Great Hall
13:34 Great Hall
» items
                
                | Scroll of Regeneration | 4 |  | 
| Scroll of Town Portal | 2 |  | 
| Lesser Clarity Potion | 3 |  | 
| Potion of Healing | 1 |  | 
| Potion of Lesser Invulnerability | 1 |  | 
                11 total
  
               team 2 (loser) 
              
              
TALONSAREIMBA (
teal | 122 APM | 3026 actions | 24:45)
              
 5 Death Knight 
 3 Death Coil
 2 Unholy Aura
 3 Lich 
 2 Frost Nova
 1 Dark Ritual
 2 Dreadlord 
 1 Sleep
 1 Carrion Swarm
 
                » actions 
                
                | Assign group hotkey | 44 |  | 
| Basic commands | 206 |  | 
| Build / train | 75 |  | 
| Enter build submenu | 18 |  | 
| Enter hero's abilities submenu | 12 |  | 
| Give item / drop item | 2 |  | 
| Right click | 1329 |  | 
| Select / deselect | 605 |  | 
| Select group hotkey | 587 |  | 
| Use ability | 148 |  | 
                3026 total
 » units 
                
                | Acolyte | 12 |  | 
| Ghoul | 3 |  | 
| Crypt Fiend | 5 |  | 
| Frost Wyrm | 8 |  | 
                28 total
 » upgrades
                
                | Burrow | 1 |  | 
| Creature Attack | 2 |  | 
| Creature Carapace | 2 |  | 
| Freezing Breath | 1 |  | 
| Web | 1 |  | 
                7 total
 » buildings
                
                | Crypt | 1 |  | 
| Graveyard | 1 |  | 
| Altar of Darkness | 1 |  | 
| Ziggurat | 6 |  | 
| Tomb of Relics | 2 |  | 
| Necropolis | 1 |  | 
| Halls of the Dead | 2 |  | 
| Black Citadel | 2 |  | 
| Spirit Tower | 2 |  | 
| Nerubian Tower | 1 |  | 
| Sacrificial Pit | 1 |  | 
| Boneyard | 2 |  | 
                22 total
 » build order
                00:04 Crypt
00:18 Graveyard
00:40 Altar of Darkness
00:56 Ziggurat
01:24 Tomb of Relics
02:01 Ziggurat
04:30 Necropolis
05:14 Halls of the Dead
05:14 Halls of the Dead
05:27 Ziggurat
06:52 Ziggurat
06:54 Ziggurat
07:41 Black Citadel
07:41 Black Citadel
08:18 Spirit Tower
08:19 Nerubian Tower
09:06 Sacrificial Pit
10:05 Boneyard
10:27 Boneyard
13:26 Ziggurat
15:07 Tomb of Relics
20:10 Spirit Tower
» items
                
                | Rod of Necromancy | 3 |  | 
| Potion of Mana | 4 |  | 
| Orb of Corruption | 2 |  | 
| Scroll of Town Portal | 6 |  | 
| Scroll of Healing | 2 |  | 
| Potion of Healing | 3 |  | 
                20 total
  
               team 3 (loser) 
              
              
Srbe.na.vrbe (
red | 48 APM | 1183 actions | 24:45)
              
 4 Paladin 
 2 Holy Light
 2 Divine Shield
 
                » actions 
                
                | Assign group hotkey | 23 |  | 
| Basic commands | 6 |  | 
| Build / train | 62 |  | 
| ESC pressed | 1 |  | 
| Enter build submenu | 45 |  | 
| Enter hero's abilities submenu | 4 |  | 
| Give item / drop item | 1 |  | 
| Remove unit from queue | 1 |  | 
| Right click | 454 |  | 
| Select / deselect | 307 |  | 
| Select group hotkey | 220 |  | 
| Use ability | 59 |  | 
                1183 total
 » units 
                
                | Peasant | 13 |  | 
| Gryphon Rider | 7 |  | 
| Dragonhawk Rider | 3 |  | 
                23 total
 » upgrades
                
                | Lumber Harvesting | 2 |  | 
| Storm Hammers | 1 |  | 
| Swords | 1 |  | 
| Armor | 1 |  | 
                5 total
 » buildings
                
                | Lumber Mill | 1 |  | 
| Scout Tower | 27 |  | 
| Guard Tower | 20 |  | 
| Farm | 10 |  | 
| Keep | 1 |  | 
| Altar of Kings | 1 |  | 
| Gryphon Aviary | 2 |  | 
| Castle | 1 |  | 
| Arcane Vault | 1 |  | 
| Blacksmith | 1 |  | 
                65 total
 » build order
                00:11 Lumber Mill
00:53 Scout Tower
00:55 Scout Tower
00:57 Scout Tower
01:35 Guard Tower
01:52 Guard Tower
02:31 Scout Tower
02:32 Scout Tower
02:39 Scout Tower
02:42 Scout Tower
02:50 Scout Tower
02:51 Scout Tower
02:59 Farm
03:21 Guard Tower
03:44 Guard Tower
03:44 Guard Tower
03:50 Guard Tower
04:16 Scout Tower
04:17 Scout Tower
04:19 Scout Tower
04:22 Scout Tower
04:23 Scout Tower
05:02 Guard Tower
05:11 Guard Tower
05:15 Guard Tower
05:29 Guard Tower
05:57 Scout Tower
05:58 Scout Tower
05:59 Scout Tower
06:05 Scout Tower
06:06 Scout Tower
06:27 Scout Tower
06:28 Scout Tower
06:41 Keep
06:43 Guard Tower
06:59 Guard Tower
07:19 Guard Tower
07:27 Guard Tower
07:40 Scout Tower
07:52 Scout Tower
07:54 Scout Tower
07:58 Scout Tower
08:20 Guard Tower
08:38 Guard Tower
08:52 Guard Tower
09:06 Altar of Kings
09:10 Gryphon Aviary
09:15 Guard Tower
09:40 Castle
10:14 Farm
10:15 Farm
10:26 Gryphon Aviary
10:38 Farm
10:53 Farm
11:42 Scout Tower
11:43 Scout Tower
12:25 Guard Tower
12:26 Guard Tower
12:37 Arcane Vault
13:07 Blacksmith
13:41 Farm
13:44 Farm
15:45 Farm
17:02 Farm
19:15 Farm
» items
                
                | Potion of Lesser Invulnerability | 1 |  | 
| Scroll of Healing | 2 |  | 
| Potion of Healing | 1 |  | 
| Scroll of Protection | 1 |  | 
| Scroll of Town Portal | 1 |  | 
                6 total
  
               team 4 (loser) 
              
              
Q-veta (
purple | 81 APM | 2015 actions | 24:45)
              
 3 Goblin Alchemist 
 2 Acid Bomb
 1 Chemical Rage
 2 Paladin 
 1 Holy Light
 1 Divine Shield
 
                » actions 
                
                | Assign group hotkey | 42 |  | 
| Basic commands | 74 |  | 
| Build / train | 95 |  | 
| Enter build submenu | 36 |  | 
| Enter hero's abilities submenu | 5 |  | 
| Give item / drop item | 1 |  | 
| Right click | 859 |  | 
| Select / deselect | 489 |  | 
| Select group hotkey | 281 |  | 
| Use ability | 133 |  | 
                2015 total
 » units 
                
                | Peasant | 15 |  | 
| Footman | 6 |  | 
| Goblin Shredder | 3 |  | 
| Gryphon Rider | 13 |  | 
| Knight | 2 |  | 
| Dragonhawk Rider | 4 |  | 
| Goblin Zeppelin | 1 |  | 
                44 total
 » upgrades
                
                | Masonry | 3 |  | 
| Defend | 1 |  | 
| Swords | 3 |  | 
| Animal War Training | 1 |  | 
| Armor | 2 |  | 
| Storm Hammers | 1 |  | 
| Plating | 1 |  | 
| Cloud | 1 |  | 
                13 total
 » buildings
                
                | Barracks | 1 |  | 
| Farm | 9 |  | 
| Altar of Kings | 1 |  | 
| Scout Tower | 11 |  | 
| Lumber Mill | 3 |  | 
| Arcane Tower | 2 |  | 
| Arcane Vault | 2 |  | 
| Guard Tower | 7 |  | 
| Keep | 1 |  | 
| Blacksmith | 1 |  | 
| Castle | 1 |  | 
| Town Hall | 2 |  | 
| Gryphon Aviary | 3 |  | 
| Workshop | 1 |  | 
                45 total
 » build order
                00:21 Barracks
00:35 Farm
00:54 Farm
01:06 Altar of Kings
02:10 Farm
02:29 Scout Tower
02:31 Lumber Mill
02:44 Lumber Mill
02:55 Lumber Mill
02:58 Arcane Tower
03:26 Farm
03:49 Arcane Vault
04:11 Scout Tower
04:12 Scout Tower
05:10 Guard Tower
05:12 Arcane Tower
05:26 Keep
09:01 Guard Tower
09:16 Guard Tower
09:45 Blacksmith
10:39 Castle
11:10 Town Hall
11:32 Scout Tower
11:33 Scout Tower
11:34 Scout Tower
11:36 Scout Tower
11:37 Scout Tower
11:54 Gryphon Aviary
11:58 Gryphon Aviary
12:00 Guard Tower
12:17 Guard Tower
12:40 Arcane Vault
13:33 Guard Tower
13:34 Scout Tower
13:36 Scout Tower
14:09 Guard Tower
14:33 Gryphon Aviary
15:15 Farm
15:16 Farm
16:40 Farm
19:39 Farm
19:41 Farm
21:49 Town Hall
23:38 Workshop
» items
                
                | Scroll of Regeneration | 8 |  | 
| Lesser Clarity Potion | 5 |  | 
| Potion of Healing | 2 |  | 
| Scroll of Town Portal | 2 |  | 
| Ivory Tower | 2 |  | 
| Staff of Sanctuary | 1 |  | 
                20 total
  
                Chat log
          (00:06 / All) Srbe.na.vrbe: pedal faster next time
(00:07 / All) TALONSAREIMBA: no teaming...o wait...
(00:34 / Specific player) TALONSAREIMBA: asdasd
(00:45 / Specific player) TALONSAREIMBA: contain q
(00:49 / Specific player) TALONSAREIMBA: hes good at ffa
(00:58 / 4) Maphack: wtf am i gonna do
(00:59 / 4) Maphack: im naga
(01:02 / Specific player) TALONSAREIMBA: if hes close to u
(01:04 / Specific player) TALONSAREIMBA: deny his expo
(01:09 / 4) Maphack: "k"
(01:16 / All) TALONSAREIMBA: wow stop teaming tranced
(01:18 / All) TALONSAREIMBA: i can see private chats
(01:23 / All) Srbe.na.vrbe: :D
(01:25 / All) TALONSAREIMBA: you big faggot
(01:52 / All) Q-veta: so how about that estonia?
(01:53 / Specific player) TALONSAREIMBA: doesnt he realize the jobs done thing
(01:55 / Specific player) TALONSAREIMBA: replaced all the sounds
(01:59 / All) Maphack: good hookers probly
(02:14 / All) Q-veta: sure if you're into horse sex
(02:31 / All) TALONSAREIMBA: weird
(02:34 / All) TALONSAREIMBA: "jobs done"
(02:40 / All) Q-veta: you found a cock in your mouth?
(02:47 / All) Srbe.na.vrbe: he found a blade in his wrist
(02:53 / All) TALONSAREIMBA: quit teaming
(02:56 / All) TALONSAREIMBA: jesus
(03:01 / All) Maphack: least nobodys probly teaming me
(03:02 / All) TALONSAREIMBA: this isnt northrend ffa
(03:05 / All) Maphack: u jewbs have problems with each other
(03:09 / All) Q-veta: it's azeroth, it's worse
(03:13 / All) TALONSAREIMBA: wrong
(03:16 / All) Srbe.na.vrbe: only gooks can be jewbs
(03:19 / All) Q-veta: you not only have inferior players you have clan lone
(03:31 / All) TALONSAREIMBA: xx and hydro are good
(03:36 / All) Q-veta: HAHAHAHAHA
(03:54 / All) Q-veta: you're serious?
(03:58 / All) Maphack: super cereal
(04:04 / All) TALONSAREIMBA: they are good
(04:06 / All) Q-veta: RESEES
(04:29 / All) Q-veta: well i remember kicking hydro's ass several times and i played xx only once and won of course
(04:37 / All) TALONSAREIMBA: you pro..
(04:57 / All) Q-veta: yeah i don't wcg abuse to pretend i'm better
(04:57 / All) TALONSAREIMBA: moron.
(05:08 / All) Srbe.na.vrbe: yes you do q
(05:09 / All) TALONSAREIMBA: you realize i played 1000 maphackers and not bots
(05:20 / All) Q-veta: WCG
(05:21 / All) Q-veta: ABUSE
(05:27 / All) Srbe.na.vrbe: hes dumb he doesnt know what it means
(05:28 / All) Srbe.na.vrbe: q
(05:37 / All) Srbe.na.vrbe: dont bother
(05:37 / All) TALONSAREIMBA: Playing legit games is not abuse
(05:41 / All) Q-veta: the cock didn't go down his throat
(05:46 / All) TALONSAREIMBA: Sup
(05:48 / All) Q-veta: it went to his brain
(06:00 / All) TALONSAREIMBA: having trouble?
(06:24 / All) TALONSAREIMBA: wow
(06:29 / All) Maphack: wut
(06:34 / All) TALONSAREIMBA: q lost 5 milllitia
(06:38 / All) TALONSAREIMBA: to creeps
(06:38 / All) Maphack: nyze
(06:46 / All) TALONSAREIMBA: me being there had nothing to with it
(07:00 / All) Q-veta: at least i didn't lose them to creeps
(07:05 / All) TALONSAREIMBA: but u did..
(07:06 / All) TALONSAREIMBA: i saw
(07:31 / All) TALONSAREIMBA: lol
(07:38 / All) TALONSAREIMBA: my cock is in veta's face
(07:46 / All) Srbe.na.vrbe: your 0.5mm cock?
(07:51 / All) TALONSAREIMBA: my big ud coil cock
(08:06 / All) Srbe.na.vrbe: lol naga
(08:11 / All) Maphack: hai2u
(08:34 / All) TALONSAREIMBA: cuty with a booite
(09:32 / All) TALONSAREIMBA: mhm
(09:44 / All) TALONSAREIMBA: why u building towers
(09:51 / All) Maphack: i noticed that
(09:55 / All) Srbe.na.vrbe: why are you still talking
(10:02 / All) TALONSAREIMBA: q-veta says that while getting raped
(10:06 / All) TALONSAREIMBA: hillarious
(10:21 / All) Srbe.na.vrbe: you mention rape a lot, had a bad childhood?
(10:24 / All) Maphack: lol tomes of exp
(11:08 / All) TALONSAREIMBA: can u just leave
(11:13 / All) TALONSAREIMBA: Jesus christ
(11:15 / All) Maphack: who doin what
(11:21 / All) TALONSAREIMBA: fiend surrounded 1
(11:22 / All) TALONSAREIMBA: q
(11:23 / All) Q-veta: he's fagging around
(12:05 / All) Q-veta: if i quit now i'll be known as a quitter
(12:11 / All) Maphack: quite
(12:31 / All) TALONSAREIMBA: buy pots
(12:33 / All) TALONSAREIMBA: before i kill it
(12:42 / All) TALONSAREIMBA: hey stop teaming me
(12:48 / All) Srbe.na.vrbe: hey shut the fuck up already
(13:23 / All) TALONSAREIMBA: how many lines of manip did it take q
(13:38 / All) Maphack: lul
(13:44 / All) Q-veta: what ultimate does it have
(13:45 / All) Maphack: i luv u guys
(13:51 / All) Maphack: ull be finding out
(14:00 / All) Q-veta: hey talons at my expo kill him
(14:17 / All) Maphack: i dont know where urs is
(14:18 / All) Q-veta: YOU KILLED MY HERO YOU OWE ME THIS
(14:24 / All) Q-veta: my expo, top left
(14:40 / All) Maphack: thanks
(14:42 / All) TALONSAREIMBA: wow
(14:43 / All) Maphack: needed 6
(14:48 / All) TALONSAREIMBA: quit feeding iraq
(14:50 / All) TALONSAREIMBA: trancesd
(14:50 / All) TALONSAREIMBA: holy
(14:57 / All) Srbe.na.vrbe: k
(15:20 / All) Maphack: i like to think of myself as an oil man
(16:30 / All) Maphack: snapple dragons
(16:49 / All) Maphack: wuts that
(16:54 / All) Maphack: an hydra?
(16:54 / All) TALONSAREIMBA: wow
(17:04 / All) TALONSAREIMBA: wow
(17:10 / All) Maphack: :D
(17:40 / All) Maphack: i can trade tps all day long
(17:43 / All) Maphack: i have mass gold mines
(18:56 / All) Srbe.na.vrbe: owned
(18:56 / All) TALONSAREIMBA: Wow stop teaming
(19:01 / All) Srbe.na.vrbe: nobody did
(19:04 / All) TALONSAREIMBA: right
(19:16 / All) Q-veta: this is a strategy game
(19:20 / All) Q-veta: we're strategizing
(19:24 / Specific player) TALONSAREIMBA: ok ill strategize
(19:27 / Specific player) TALONSAREIMBA: please go rape them
(19:27 / Specific player) TALONSAREIMBA: ok
(19:27 / All) Srbe.na.vrbe: thanks for the levels btw
(19:30 / Specific player) TALONSAREIMBA: and then ill go hit their mains
(19:44 / All) TALONSAREIMBA: yes me raping q-veta 1v1 and then him baaawing out for help
(19:46 / All) TALONSAREIMBA: is not teaming
(19:48 / All) TALONSAREIMBA: thats strategy
(19:52 / All) Q-veta: exactly
(20:07 / All) Q-veta: 2 shops, pro
(20:12 / All) TALONSAREIMBA: more tps..
(20:15 / All) TALONSAREIMBA: cause im being teamed
(20:28 / All) Srbe.na.vrbe: rofl iraq
(20:30 / All) Srbe.na.vrbe: i saw that
(20:32 / All) TALONSAREIMBA: look im strategizing
(20:51 / All) Q-veta: maybe you should learn to play ffa before playing with us
(21:17 / All) Srbe.na.vrbe: nice work guys
(21:24 / All) Q-veta: is that a hydra?
(22:07 / All) Q-veta: how can you lose as undead on this map?
(22:11 / All) Srbe.na.vrbe: he sucks
(22:27 / All) TALONSAREIMBA: i get teamed is how
(22:44 / All) Q-veta: more like you suck
(22:51 / All) Maphack: i see that q
(22:57 / All) Q-veta: :(
(22:59 / All) Q-veta: hey i'm just creeping :(
(23:04 / All) Maphack: ur expoing
(23:08 / All) TALONSAREIMBA: q loses like 10 millitia trying to creep the lab
(23:08 / All) Maphack: i dont allow that
(23:11 / All) Q-veta: CREEPING
(23:14 / All) TALONSAREIMBA: then i fiend surround his alchem
(23:16 / All) TALONSAREIMBA: and he cries for help
(23:18 / All) TALONSAREIMBA: like a little bitch
(23:43 / Specific player) TALONSAREIMBA: yeah
(23:46 / All) Q-veta: talons don't be like that
(23:47 / Specific player) TALONSAREIMBA: this is why i didnt want to play
(23:51 / Specific player) TALONSAREIMBA: i fucking told you
(24:05 / Specific player) TALONSAREIMBA: its not strategy
(24:08 / Specific player) TALONSAREIMBA: when im fighting q
(24:11 / Specific player) TALONSAREIMBA: and then tranced
(24:13 / Specific player) TALONSAREIMBA: tries to hall me
(24:28 / Specific player) TALONSAREIMBA: they're both camping 
(24:29 / Specific player) TALONSAREIMBA: outside my base
(24:32 / Specific player) TALONSAREIMBA: yeha fuck you iraq
(24:34 / Specific player) TALONSAREIMBA: why did you help q
(24:35 / Specific player) TALONSAREIMBA: you moron